[Event "*** Biggest EVER Titled Tuesday"]
[Site "Chess.com"]
[Date "2018.04.17"]
[Round "2"]
[White "omer1997"]
[Black "LordIron"]
[Result "1-0"]
[WhiteElo "2073"]
[BlackElo "2144"]
[TimeControl "180+2"]
[EndTime "13:23:59 PDT"]
[Termination "omer1997 won by resignation"]

1. e4 c5 2. Nf3 d6 3. d4 cxd4 4. Nxd4 Nf6 5. Nc3 a6 6. Be3 e5 7. Nf3 Be7 8. Bc4 Be6 9. Bb3 O-O 10. O-O Qc8 11. Qe2 Nbd7 12. Rfd1 b5 13. Nd5 Bxd5 14.
exd5 Nc5 15. Rac1 Ng4 16. Bxc5 Qxc5 17. c4 b4 18. Nd2 f5 19. Bc2 a5 20. Bxf5 Nxf2 21.
Qxf2 Qxf2+ 22. Kxf2 Rxf5+ 23. Ke2 Bg5 24. Rf1 Raf8 25. Rxf5 Rxf5 26. Rf1 g6 27. Ne4 Be7 28. g4 Rf7 29. Rxf7 Kxf7 30. Kd3 Ke8 31. Ke3 Kd7 32.
g5 Kc8 33. Kd3 Kb7 34. Kc2 Kb6 35. h4 a4 36. Kd3 Kc7 37. Ke3 Kd7 38. Kf3 Ke8 39.
Kg4 Kf7 40. h5 gxh5+ 41. Kxh5 Kg7 42. Ng3 Bf8 43. Nf5+ Kf7 44. Ng3 Be7 45. Ne4 Kg7 46. a3 bxa3 47. bxa3 Kg8 48. Nc3 Bd8 49. Nxa4 e4 50.
Kg4 e3 51. Nc3 Ba5 52. Ne2 Kf7 53. Nf4 Bd2 54. a4 Ke7 55. Kf3 Kd7 56. Ke2 Kc7 57. Nh5 Kb6 58. Nf6 Kc5 59. Nxh7 Kxc4 60. Nf6 Bc3 61.
Kxe3 Bb2 62. Ke4 Kb4 63. Kf5 Kxa4 64. g6 Kb4 65. g7 1-0

[Event "*** Biggest EVER Titled Tuesday"]
[Site "Chess.com"]
[Date "2018.04.17"]
[Round "2"]
[White "AndrewDGreen"]
[Black "alturas_pacificas"]
[Result "1-0"]
[WhiteElo "2149"]
[BlackElo "2185"]
[TimeControl "180+2"]
[EndTime "13:24:01 PDT"]
[Termination "AndrewDGreen won by resignation"]

1. d4 d5 2. Bf4 Nf6 3. e3 c5 4. Nc3 a6 5. dxc5 Nc6 6. a3 e5 7. Bg5 d4 8. Ne4 Be7 9. Bxf6 Bxf6 10. Nd6+ Kf8 11. Bc4 Be6 12. Bxe6 fxe6 13. Nf3 b6 14. Ne4 bxc5 15. Nxc5 Qd5 16. b4 a5 17. O-O Kf7 18.
e4 Qc4 19. Qd2 axb4 20. axb4 Nxb4 21. Nb7 Ke7 22. Rab1 Nc6 23. Rfc1 Rhb8 24. c3 d3 25. Qe3 Kf8 26. Ng5 Kg8 27. h4 h6 28. Nf3 Ra7 29. Nd6 Qa2 30. Rxb8+ Nxb8 31. Qxd3 Rd7 32. c4 Qa6 33. Rd1 Be7 34. c5 Qxd3 35. Rxd3 Na6 36. Nxe5 Ra7 37. Nc6 Bxd6 38. Nxa7 Bxc5 39. Nb5 Nb4 40.
Rd8+ Kh7 41. Rc8 Be7 42. Re8 Bf6 43. Rxe6 Bxh4 44. g3 Bf6 45. e5 Bd8 46. Nd6 Nd3 47. Re8 Bb6 48. Ne4 Bd4 49. e6 Kg6 50. e7 Kf7 51.
Nd6+ Ke6 52. Rf8 Kxd6 53. e8=Q Ne5 54. Qd8+ Kc5 55. Qc7+ Kd5 56. Rd8+ Ke4 57. Qb7+ Kf5 58. Rf8+ Ke6 59. Qa6+ Kd5 60. Rd8+ Ke4 61. Qe2+ Kf5 62. Rxd4 1-0

[Event "*** Biggest EVER Titled Tuesday"]
[Site "Chess.com"]
[Date "2018.04.17"]
[Round "2"]
[White "Buffy7"]
[Black "Manukyan_Artak"]
[Result "1/2-1/2"]
[WhiteElo "2734"]
[BlackElo "2351"]
[TimeControl "180+2"]
[EndTime "13:24:02 PDT"]
[Termination "Game drawn by repetition"]

1. e4 c6 2. d4 d5 3. Nc3 dxe4 4. Nxe4 Nf6 5. Qd3 Nbd7 6. Nf3 Nxe4 7. Qxe4 Nf6 8. Qd3 g6 9. g3 Bf5 10. Qe2 Qd5 11.
Bg2 Qe4 12. Qxe4 Bxe4 13. c3 Bg7 14. O-O O-O-O 15. Re1 e6 16. Bg5 Bxf3 17. Bxf3 h6 18. Bf4 Nd5 19. Bd2 Bf6 20. Rad1 h5 21. h4 Ne7 22.
Kg2 Nf5 23. Be4 Rhe8 24. Bf4 e5 25. Bxf5+ gxf5 26. dxe5 Rxd1 27. Rxd1 Bxe5 28. Re1 f6 29.
Be3 Bb8 30. Rd1 Rd8 31. Rxd8+ Kxd8 32. Kf3 Ke7 33. Bf4 Be5 34. Be3 a6 35. Ke2 b5 36.
Kd3 Ke6 37. b3 Bd6 38. c4 Bb4 39. Ke2 Bc3 40. Kf3 Be5 41. Bc5 Bc7 42. Be3 Be5 43.
Bf4 Bd4 44. Ke2 Be5 45. Ke3 Bb2 46. Kd3 Be5 47. Be3 Bd6 48. Bd2 Be5 49. a3 Bb2 50.
Bb4 f4 51. Ke4 fxg3 52. fxg3 Be5 53. Kf3 f5 54. Bd2 Bb2 55. a4 Be5 56. Bf4 Bd4 57. Bc7 Bc5 58. Kf4 Be7 59. Bb8 Bf6 60. Bc7 Be7 61. Be5 Bd8 62. axb5 axb5 63. c5 Be7 64. b4 Bd8 65. Bd6 Bf6 66. Bc7 Be7 67. Bd6 Bf6 68. Bc7 Be7 69. Bd6 Bf6 1/2-1/2

[Event "*** Biggest EVER Titled Tuesday"]
[Site "Chess.com"]
[Date "2018.04.17"]
[Round "2"]
[White "schoolmeester"]
[Black "TST2014"]
[Result "1-0"]
[WhiteElo "2673"]
[BlackElo "2348"]
[TimeControl "180+2"]
[EndTime "13:24:03 PDT"]
[Termination "schoolmeester won on time"]

1. e4 e5 2. f4 d5 3. Nf3 exf4 4.
exd5 Nf6 5. d4 Nxd5 6. Bc4 Bb4+ 7. c3 Be7 8. O-O O-O 9. Bxd5 Qxd5 10. Bxf4 c5 11.
Re1 Bf6 12. Be5 Nd7 13. Bxf6 Nxf6 14. Re5 Qd6 15. Rxc5 b6 16. Re5 Bb7 17. Nbd2 Rfe8 18.
Qe2 Rxe5 19. Nxe5 Re8 20. Qf2 Qd5 21. c4 Qd6 22. Re1 h6 23. h3 Qb4 24. Nb1 Re7 25.
Nc3 a6 26. d5 Qd6 27. Nd3 b5 28. c5 Qd8 29. d6 Rxe1+ 30. Qxe1 Kf8 31. b4 Qd7 32.
Qe5 Qc6 33. Nf4 a5 34. a3 axb4 35. axb4 Kg8 36. Ncd5 Nxd5 37. Nxd5 f6 38. Qe6+ Kh7 39. Nf4 Bc8 40. Qd5 Bd7 41. Qxc6 Bxc6 42. Ne2 Kg8 43.
Nd4 Be8 44. c6 Kf7 45. d7 Bxd7 46. cxd7 Ke7 47. Nxb5 Kxd7 48. Nd4 Kd6 49. g4 g6 50. Kf2 Kd5 51. Ke3 h5 52. gxh5 gxh5 53. b5 Kc5 54. Ke4 f5+ 55. Kxf5 Kxd4 56. b6 Ke3 57. b7 Kf3 58. b8=Q Kg2 59. h4 Kh3 60. Kg5 Kg2 61. Qf4 Kh3 62. Kxh5 Kg2 63. Kg4 1-0

[Event "*** Biggest EVER Titled Tuesday"]
[Site "Chess.com"]
[Date "2018.04.17"]
[Round "2"]
[White "TheBigBoss04"]
[Black "BillieKimbah"]
[Result "0-1"]
[WhiteElo "2523"]
[BlackElo "2766"]
[TimeControl "180+2"]
[EndTime "13:24:04 PDT"]
[Termination "BillieKimbah won by checkmate"]

1. d4 Nf6 2. c4 e6 3. Nc3 Bb4 4.
Qc2 d5 5. cxd5 Qxd5 6. Nf3 Qf5 7.
Qxf5 exf5 8. a3 Be7 9. Bf4 c6 10. e3 Nbd7 11. h3 Nb6 12. Bd3 Nfd5 13. Nxd5 Nxd5 14.
Be5 f6 15. Bh2 Be6 16. Ke2 a5 17. Nd2 Kf7 18. Rhc1 Rhd8 19. Nc4 Bf8 20. Rc2 a4 21. Rac1 h5 22. h4 g6 23. f3 Bh6 24. Re1 f4 25. e4 Ne3 26. Nxe3 fxe3 27. d5 cxd5 28.
Rc7+ Kg8 29. e5 f5 30. Rec1 d4 31. Re7 Re8 32. Rcc7 Bd5 33. Red7 Be6 34. Rh7 Bf8 35. Bf4 Rac8 36. Bb5 Red8 37. Bxa4 Bc4+ 38. Ke1 b5 39.
Bd1 Rxc7 40. Rxc7 Bg7 41. b3 Bf7 42. a4 bxa4 43. bxa4 Bf8 44. Rb7 Bc5 45. e6 Bxe6 46. Rc7 Bb6 47. Rc6 Ba5+ 48. Ke2 Bd5 49. Rc5 d3+ 50.
Kxd3 Bxf3+ 51. Kxe3 Bb6 52. Kxf3 Bxc5 53. Bb3+ Kh7 54. Bc4 Rd4 55. Bb5 Rb4 56. g3 Rb3+ 57. Kg2 Bd4 58. Bc4 Ra3 59. Bb5 Kg7 60. Bd6 Ra2+ 61.
Kh3 Bg1 62. Be5+ Kh7 63. g4 fxg4+ 64. Kg3 Bh2# 0-1

[Event "*** Biggest EVER Titled Tuesday"]
[Site "Chess.com"]
[Date "2018.04.17"]
[Round "2"]
[White "Zhani-Z"]
[Black "RojonR"]
[Result "1-0"]
[WhiteElo "2392"]
[BlackElo "2409"]
[TimeControl "180+2"]
[EndTime "13:24:12 PDT"]
[Termination "Zhani-Z won on time"]

1. e4 c5 2. Nf3 Nc6 3. Bb5 e6 4. Bxc6 bxc6 5. d3 Ne7 6. h4 h5 7. Qe2 Ng6 8. e5 f6 9. Qe4 Kf7 10. b3 d5 11. exd6 Qxd6 12. Bb2 e5 13. Nbd2 Be6 14.
Nc4 Qd5 15. Ne3 Qxe4 16. dxe4 c4 17. Nxc4 Bxc4 18. bxc4 Rb8 19. Bc3 Bb4 20. Bd2 Rhd8 21. c3 Bc5 22. Ke2 Rb2 23. Rhb1 Nf4+ 24. Kd1 Rxb1+ 25. Rxb1 Nd3 26. Kc2 Nxf2 27. Re1 Ke6 28. Re2 Ng4 29. Re1 Rb8 30. Bc1 Rb6 31. Re2 Ra6 32.
Kb3 Rb6+ 33. Kc2 Ra6 34. Kb1 Rb6+ 35. Kc2 g6 36. Nd2 Ne3+ 37. Kd3 Ng4 38. Nf3 Rb7 39.
Kc2 Rd7 40. Bd2 Rb7 41. Re1 Rb6 42. Re2 Ba3 43. Bc1 Bxc1 44. Kxc1 Ra6 45. Kb2 Rb6+ 46. Kc2 Ra6 47. Kb3 Rb6+ 48. Ka4 Ra6+ 49. Kb4 Nh6 50. Ne1 Ng8 51. Nd3 Rb6+ 52. Ka3 Ne7 53.
Nc5+ Kd6 54. Nb3 Ra6+ 55. Kb2 Kc7 56. Rd2 Rb6 57. Kc2 Rb8 58. Nc5 Nc8 59. Rd7+ Kb6 60.
Nb3 Ka6 61. Rf7 f5 62. exf5 Nd6 63. Rf6 Nxf5 64. Rxc6+ Rb6 65. Rc7 Ne3+ 66. Kd3 1-0

[Event "*** Biggest EVER Titled Tuesday"]
[Site "Chess.com"]
[Date "2018.04.17"]
[Round "2"]
[White "peteseeger"]
[Black "Triumphmate"]
[Result "1-0"]
[WhiteElo "2080"]
[BlackElo "2161"]
[TimeControl "180+2"]
[EndTime "13:24:13 PDT"]
[Termination "peteseeger won by resignation"]

1. e4 d5 2. exd5 Nf6 3. Nf3 Bg4 4.
Bb5+ c6 5. dxc6 Nxc6 6. O-O e6 7.
h3 Bh5 8. d3 h6 9. Be3 Bd6 10.
Nbd2 O-O 11. c3 Bc7 12. d4 Ne7 13. Qb3 Nf5 14. Rfe1 Nd5 15. Bd3 Ndxe3 16. fxe3 Qd6 17. e4 Ng3 18. e5 Qd7 19. Ne4 Nxe4 20. Bxe4 f5 21.
Bd3 Bxf3 22. gxf3 Qe7 23. Bc4 Rae8 24. Qc2 Qh4 25. Qg2 f4 26. Kh1 Rf5 27. Rg1 Rg5 28. Qh2 Rf8 29. Rg4 Rxg4 30. hxg4 Qe7 31. Rg1 Bd8 32.
Qh5 a6 33. Kg2 b5 34. Bd3 Qf7 35. Qxf7+ Kxf7 36. Be4 Ke7 37. Kf2 Kd7 38. Ke2 Kc7 39.
Kd3 Kb6 40. b3 Bh4 41. c4 Rd8 42. d5 Kc5 43. Rc1 b4 44. Ra1 Bf2 45. a3 a5 46.
axb4+ axb4 47. Ra5+ Kb6 48. Rb5+ Kc7 49. d6+ Kd7 50.
Rxb4 Rc8 51. Rb7+ Kd8 52. Rxg7 Rc5 53. Rg6 Rxe5 54. Rxh6 Bc5 55. Rh5 Bxd6 56. Rxe5 Bxe5 57. c5 Kc7 58. Kc4 Bf6 59. b4 e5 60. b5 Bh4 61.
b6+ Kc8 62. c6 Bf6 63. Bf5+ Kb8 64. c7+ 1-0

[Event "*** Biggest EVER Titled Tuesday"]
[Site "Chess.com"]
[Date "2018.04.17"]
[Round "2"]
[White "LuckyTiger"]
[Black "ZapataCharlesS"]
[Result "0-1"]
[WhiteElo "2622"]
[BlackElo "2671"]
[TimeControl "180+2"]
[EndTime "13:24:15 PDT"]
[Termination "ZapataCharlesS won by resignation"]

1. e4 e5 2. Nf3 Nc6 3. Bb5 g6 4. h4 h6 5. Nc3 Bg7 6. d3 d6 7. Be3 Bg4 8. Qd2 a6 9. Ba4 b5 10. Bb3 Nge7 11. Nd5 Be6 12. a4 Nd4 13. Bxd4 exd4 14.
axb5 Bxd5 15. Bxd5 Nxd5 16. exd5 axb5 17. O-O O-O 18.
h5 gxh5 19. Qf4 Qf6 20. g3 Qxf4 21. gxf4 Bf6 22. Nd2 Kh7 23. f5 Rg8+ 24. Kh2 Rxa1 25.
Rxa1 Rg5 26. Ne4 Rxf5 27. Ra7 Kg6 28. Rxc7 Bg5 29. Kg2 Rxd5 30. b4 f5 31. Ng3 Re5 32. Rc6 Re6 33. Kf3 h4 34. Ne2 Kh5 35. Nxd4 Rg6 36.
Ra6 Bd2 37. c4 bxc4 38. b5 c3 39. b6 h3 40. Ra1 d5 41. b7 Rb6 42. Rh1 Kg6 43.
Rxh3 Rxb7 44. Rg3+ Bg5 45. Ke2 Rb2+ 46. Ke1 Kf6 47.
Rf3 Rb1+ 48. Ke2 Rb2+ 49. Kd1 Ke5 50. Nc2 d4 51. Rh3 Rb1+ 52. Ke2 Rb2 53. Kd1 Bd2 54. Rh4 Rb1+ 55. Ke2 Bf4 56. Nxd4 Rb2+ 57. Kf3 Kxd4 58. Rxf4+ Kxd3 59. Rxf5 c2 60. Rd5+ Kc4 61. Rd8 Kb3 62. Rc8 Ka2 63. Ke3 Kb1 0-1

[Event "*** Biggest EVER Titled Tuesday"]
[Site "Chess.com"]
[Date "2018.04.17"]
[Round "2"]
[White "Vusatiuk_Vladimir"]
[Black "Renegade_Hitman"]
[Result "1-0"]
[WhiteElo "2195"]
[BlackElo "2069"]
[TimeControl "180+2"]
[EndTime "13:24:19 PDT"]
[Termination "Vusatiuk_Vladimir won by resignation"]

1. e4 e5 2. Nf3 Nc6 3. d4 exd4 4. Nxd4 Bc5 5. Nb3 Bb6 6. Nc3 Nf6 7. Qe2 O-O 8. Be3 Re8 9. f3 Bxe3 10. Qxe3 d5 11.
O-O-O Qe7 12. Nxd5 Nxd5 13. Rxd5 Be6 14. Rd1 Qb4 15.
Qc5 a5 16. Qxb4 axb4 17. Kb1 Na5 18. Nc5 Red8 19. Bd3 Rd6 20. e5 Rc6 21. Nxe6 Rxe6 22.
f4 f6 23. a3 bxa3 24. b4 Rb6 25. c3 fxe5 26. fxe5 a2+ 27. Kxa2 Nc4+ 28. Kb3 Nxe5 29.
Be4 c5 30. Rd5 c4+ 31. Kb2 Nc6 32. Rc5 Rd8 33. Bxc6 Rxc6 34. Rxc6 bxc6 35. Kc2 Kf7 36. Ra1 Ke6 37. Ra6 Rd6 38. Ra5 Rd5 39. Ra7 Rg5 40. g3 Kd6 41. Kd2 Rh5 42. h4 g5 43.
hxg5 Rxg5 44. Rxh7 Rxg3 45. Rh4 Rd3+ 46. Kc2 Kd5 47.
Rh5+ Kd6 48. Rc5 Rh3 49. Rxc4 Kd5 50. Rc5+ Kd6 51. Kb3 Rd3 52. Rh5 Rd1 53. Kc4 Rb1 54. Rh6+ Kc7 55. Kc5 Rc1 56. Rxc6+ Kd7 57. Kb5 Rd1 58. c4 Rh1 59. Rg6 Rb1 60. c5 Kc7 61.
Rg7+ Kb8 62. Ka5 Ra1+ 63. Kb6 Kc8 64. c6 Kd8 65. c7+ 1-0

[Event "*** Biggest EVER Titled Tuesday"]
[Site "Chess.com"]
[Date "2018.04.17"]
[Round "2"]
[White "TastyFrenchFries"]
[Black "KNVB"]
[Result "0-1"]
[WhiteElo "2307"]
[BlackElo "2581"]
[TimeControl "180+2"]
[EndTime "13:24:21 PDT"]
[Termination "KNVB won by resignation"]

1. e4 e6 2. d4 d5 3. e5 c5 4. c3 Qb6 5. Nf3 Bd7 6. Bd3 cxd4 7. cxd4 Bb5 8. Nc3 Bxd3 9. Qxd3 Ne7 10. O-O Nec6 11.
Rd1 Nd7 12. a3 Na5 13. b4 Nc4 14. Rb1 Be7 15. Ne2 Rc8 16. h4 h6 17. Ng3 Qa6 18.
Nh5 Bf8 19. b5 Qa4 20. g4 Ncb6 21. Nf4 Qc2 22. Qxc2 Rxc2 23. Rd2 Rc8 24. a4 Nxa4 25. Ra1 Ndb6 26. Rda2 Be7 27. Be3 Rc4 28. Kg2 Kd7 29. Nd3 Rhc8 30. h5 Rc3 31. Nf4 R8c4 32. Ne2 Rc2 33. Rxc2 Rxc2 34. Nf4 Rb2 35. Nh3 Rxb5 36.
g5 hxg5 37. Nhxg5 Ke8 38. Nh7 a6 39. Rg1 Nc4 40. Kh3 Nxe3 41. fxe3 Bf8 42. h6 g6 43.
Nf6+ Ke7 44. h7 Bg7 45. Kg4 Rb3 46. Kf4 Nc3 47. Rh1 Ne2+ 48. Kg4 Bh8 49. Ng5 Rxe3 50. Re1 Rg3+ 51. Kh4 Rg2 52. Rd1 b5 53. Rd2 Nf4 54. Rd1 Rc2 55. Rf1 Ng2+ 56. Kg3 Ne3 57. Rf3 Nf5+ 58. Kg4 b4 59. Ng8+ Kf8 60. Nf6 a5 61. Nd7+ Ke7 62. Nf6 a4 63. Rh3 b3 64. Ng8+ Kf8 65.
Nh6 Nxh6+ 66. Rxh6 b2 67. Rh3 b1=Q 68. Rf3 Qg1+ 69.
Kf4 Rf2 0-1

[Event "*** Biggest EVER Titled Tuesday"]
[Site "Chess.com"]
[Date "2018.04.17"]
[Round "2"]
[White "StellarChessPro"]
[Black "Supernotar"]
[Result "0-1"]
[WhiteElo "2368"]
[BlackElo "2453"]
[TimeControl "180+2"]
[EndTime "13:24:21 PDT"]
[Termination "Supernotar won by resignation"]

1. d4 d5 2. Nf3 Nf6 3. Bf4 c5 4. dxc5 e6 5. e3 Bxc5 6. Bd3 Nc6 7. O-O O-O 8. Nbd2 b6 9. c3 Bb7 10. Qe2 h6 11. e4 dxe4 12. Nxe4 Be7 13. Rfd1 Qc8 14.
Nd6 Bxd6 15. Bxd6 Rd8 16. Ne5 Rxd6 17. Bh7+ Kxh7 18. Rxd6 Nxe5 19. Qxe5 Qc4 20. h3 Rc8 21. Rd4 Qc6 22. f3 Qc5 23. Qxc5 Rxc5 24. Rad1 b5 25. Rd8 Bd5 26. a3 Rc7 27. Kf2 Kg6 28.
Rb8 a6 29. Rb6 Ra7 30. Rd4 Nd7 31. Rd6 Nf6 32. a4 Bc4 33. g4 Nd5 34. f4 Kf6 35. Rd8 g5 36. fxg5+ hxg5 37. Rg8 Nf4 38. h4 Nd3+ 39.
Ke3 gxh4 40. b3 Ne1 41. g5+ Kf5 42. Rf4+ Ke5 43. Re4+ Kf5 44. bxc4 bxa4 45. Rf4+ Ke5 46. Rf1 Nc2+ 47. Kd2 Na3 48. g6 Rd7+ 49. Kc1 fxg6 50. Rxg6 Nxc4 51. Re1+ Kd5 52. Rgxe6 a3 53. Rxa6 Rb7 54.
Rh6 a2 55. Rd1+ Ke4 56. Rxh4+ Kf3 57. Kc2 Ne3+ 58. Kd2 Rb2+ 59. Kd3 Nxd1 60. Ra4 Nf2+ 61. Kd4 Ne4 62. c4 Nd2 63. c5 Nb3+ 64. Kc4 a1=Q 65. Rxa1 Nxa1 66. c6 Nb3 67. Kd5 Rc2 68. Kd6 Nd4 69. c7 Nb5+ 0-1

[Event "*** Biggest EVER Titled Tuesday"]
[Site "Chess.com"]
[Date "2018.04.17"]
[Round "2"]
[White "walkingcreep"]
[Black "Noukii"]
[Result "0-1"]
[WhiteElo "2434"]
[BlackElo "2644"]
[TimeControl "180+2"]
[EndTime "13:24:31 PDT"]
[Termination "Noukii won by checkmate"]

1. d4 d5 2. c4 c6 3. Nf3 Nf6 4.
Qb3 dxc4 5. Qxc4 Bg4 6. Ne5 Be6 7. Qd3 Nbd7 8. Nf3 Bg4 9. Nc3 e6 10. e4 Be7 11. Be2 O-O 12. O-O Bxf3 13. Qxf3 e5 14. dxe5 Nxe5 15. Qg3 Ng6 16. f4 Re8 17. Be3 Qa5 18.
e5 Bc5 19. Bxc5 Qxc5+ 20. Kh1 Nd5 21. Ne4 Qe3 22. Qxe3 Nxe3 23. Rf3 Nf5 24. g3 Rad8 25. Rd3 Rxd3 26. Bxd3 Rd8 27. Bc2 Kf8 28. Ng5 Ne3 29.
Nxh7+ Ke7 30. Bb3 Rd2 31. Ng5 Ng4 32. Bxf7 Rxh2+ 33. Kg1 Nf8 34. Re1 Rxb2 35. Bh5 Nh6 36. Bf3 Nf5 37. Ne4 Rxa2 38. Bg4 Nd4 39. f5 Nd7 40. Nd6 Nxe5 41. Nc4 Ra1 42. Rxa1 Nxg4 43. Rxa7 Kf6 44. Rxb7 Nxf5 45. Kg2 Ke6 46. Rc7 Kd5 47. Nb6+ Kd6 48. Ra7 Ne5 49. Na4 c5 50. Nc3 c4 51.
Ra8 Kc5 52. Ne2 Ne3+ 53. Kf2 N3g4+ 54. Ke1 Kd5 55. Nf4+ Ke4 56. Ke2 c3 57. Ra4+ Kf5 58. Nd5 c2 59. Ne3+ Nxe3 60. Ra1 Ke4 61. Rc1 Nd3 62.
Rh1 c1=Q 63. Rxc1 Nxc1+ 64. Kf2 Nd3+ 65. Kg1 Kf3 66. Kh2 Nf2 67. Kg1 g5 68. Kh2 Neg4+ 69. Kg1 Kxg3 70. Kf1 Nh3 71. Ke2 Nf6 72. Ke3 Kh2 73.
Kd4 g4 74. Ke5 g3 75. Kxf6 g2 76. Kg6 g1=Q+ 77. Kh5 Qg5# 0-1

[Event "*** Biggest EVER Titled Tuesday"]
[Site "Chess.com"]
[Date "2018.04.17"]
[Round "2"]
[White "Th3ChessViking"]
[Black "FancyPlaySyndrome"]
[Result "0-1"]
[WhiteElo "2396"]
[BlackElo "2407"]
[TimeControl "180+2"]
[EndTime "13:24:35 PDT"]
[Termination "FancyPlaySyndrome won on time"]

1. d4 g6 2. Nf3 Bg7 3. Bf4 d6 4. e3 Nd7 5. h3 c5 6. c3 Ngf6 7. Bd3 a6 8. a4 b6 9. O-O Bb7 10.
Bh2 O-O 11. Na3 Ne4 12. Nc4 f5 13. Nfd2 b5 14. axb5 axb5 15. Na3 Nxd2 16. Qxd2 c4 17. Bc2 Qc8 18. f3 Qc6 19. e4 e5 20. dxe5 dxe5 21. Rad1 Nc5 22. exf5 gxf5 23. Qd6 e4 24. Qxc6 Bxc6 25.
Bd6 Nd3 26. Bxf8 Bxf8 27. fxe4 fxe4 28. Nb1 Bc5+ 29. Kh2 Nxb2 30. Rde1 Nd3 31. Re2 Kg7 32. Rf5 Bd6+ 33. g3 Kg6 34. Rf1 h5 35. h4 Re8 36.
Nd2 Bc5 37. Ra1 Kf7 38. Ra6 Re6 39. Nf1 e3 40. Bd1 Bf3 41. Rxe6 Bxe2 42. Rxe3 Bxe3 43. Nxe3 Bxd1 44. Nxd1 Kf6 45. Kg2 Ke5 46. Kf3 Ne1+ 47. Ke2 Nc2 48. Kf3 Ne1+ 49. Ke2 Nd3 50. Ke3 Nc5 51.
Nf2 Na4 52. Kd2 Kf5 53. Kc2 Nc5 54. Kd2 Ne4+ 55. Nxe4 Kxe4 56. Ke2 Kd5 57. Ke3 Ke5 58. Kf3 Kf5 59. Kf2 Kg4 60. Kg2 b4 61. cxb4 c3 62. b5 c2 63. b6 c1=Q 64. b7 Qb2+ 0-1

[Event "*** Biggest EVER Titled Tuesday"]
[Site "Chess.com"]
[Date "2018.04.17"]
[Round "2"]
[White "PrinceMurad09"]
[Black "GM_dmitrij"]
[Result "0-1"]
[WhiteElo "2350"]
[BlackElo "2657"]
[TimeControl "180+2"]
[EndTime "13:24:42 PDT"]
[Termination "GM_dmitrij won by checkmate"]

1. e4 e5 2. Nf3 Nc6 3. Bb5 a6 4.
Bxc6 dxc6 5. O-O Bg4 6. d3 Qf6 7. Be3 O-O-O 8. h3 Bxf3 9. Qxf3 Qxf3 10. gxf3 f5 11. Bg5 Be7 12. Bxe7 Nxe7 13. Nd2 Ng6 14. Kh2 Rhf8 15. Rae1 Rf6 16. Re2 Rdf8 17. Rg1 fxe4 18. Rxe4 Rf5 19. Rgg4 Kd7 20. a4 R8f7 21. Rg3 b5 22. a5 Nf4 23. d4 exd4 24. Rxd4+ Kc8 25. Re4 g5 26. Nb3 c5 27. Re8+ Kb7 28. Rg8 Ne6 29.
Nd2 Nd4 30. c3 Nxf3+ 31. Nxf3 Rxf3 32. R8xg5 Rxf2+ 33. Rg2 c4 34. Rh5 Kc6 35. Rh6+ R2f6 36. Rh5 Rf5 37. Rh6+ R5f6 38. Rh5 Kd6 39. Rh4 h6 40. Rd2+ Ke7 41. Kg2 Kf8 42. Rg4 Re7 43. Rd8+ Kf7 44. Rd2 Ke6 45. Re4+ Kf7 46. Rg4 Rfe6 47.
Rf4+ Kg7 48. Rg4+ Kh7 49. Kf2 Rf6+ 50. Kg2 h5 51. Rg5 Kh6 52. Rgd5 Rg7+ 53. Kh2 Rg5 54.
Rd7 c5 55. R7d6 Rf5 56. R6d5 Kg5 57. Rg2+ Kf4 58. Rdd2 Re6 59. Rdf2+ Ke5 60. Rd2 Kf6 61. Rd8 b4 62. Rdd2 bxc3 63. bxc3 Rf3 64. Rd5 Rxc3 65. Rxc5 h4 66. Rh5 Rc1 67. Rxh4 c3 68. Rc4 Re3 69. Rf2+ Ke5 70. h4 Kd5 71. Rc8 Rd3 72. h5 Ke4 73. h6 Rd6 74. Rh8 c2 75. h7 Rh1+ 76. Kxh1 c1=Q+ 77. Kg2 Qg5+ 78. Kf1 Rd1+ 79. Ke2 Qd2# 0-1

[Event "*** Biggest EVER Titled Tuesday"]
[Site "Chess.com"]
[Date "2018.04.17"]
[Round "2"]
[White "gkchesstiger"]
[Black "Iball95"]
[Result "1-0"]
[WhiteElo "2807"]
[BlackElo "2536"]
[TimeControl "180+2"]
[EndTime "13:24:48 PDT"]
[Termination "gkchesstiger won by checkmate"]

1. d4 d5 2. Nf3 Nf6 3. Bf4 c5 4.
e3 Nc6 5. Nbd2 cxd4 6. exd4 Bf5 7. c3 e6 8. Bb5 Bd6 9. Bxd6 Qxd6 10. O-O O-O 11.
Bxc6 Qxc6 12. Ne5 Qc7 13. a4 b6 14. Re1 Rac8 15. Qb3 Rb8 16. Qa3 Rfc8 17. a5 bxa5 18. Nb3 a4 19. Nc5 Qb6 20. Ned7 Nxd7 21. Nxd7 Qxb2 22. Nxb8 Qxb8 23. Qxa4 Rxc3 24. Qxa7 Qxa7 25.
Rxa7 g5 26. h3 Rc4 27. Rd1 Kg7 28. Rd2 h5 29. Kh2 h4 30. Ra1 Kf6 31. Rf1 Rc3 32. Re1 Rc4 33. Re3 Kg6 34. g4 hxg3+ 35. Kxg3 Rc1 36. f4 f6 37. fxg5 fxg5 38. h4 Be4 39.
hxg5 Kxg5 40. Ra3 Rg1+ 41. Kf2 Rg2+ 42. Ke1 Rxd2 43. Kxd2 Kf4 44. Ra1 Bf5 45. Re1 Be4 46. Rf1+ Kg5 47. Kc3 Bf5 48. Kb4 Kf6 49. Re1 Be4 50. Rf1+ Bf5 51. Kc5 Ke7 52. Ra1 Bg4 53.
Ra7+ Kf6 54. Kd6 Bf5 55. Ra8 Kf7 56. Ke5 Ke7 57. Ra7+ Kd8 58. Kd6 Ke8 59. Rc7 Kd8 60. Re7 Kc8 61. Re8+ Kb7 62. Rf8 Kb6 63. Rb8+ Ka5 64.
Rb2 Ka6 65. Kc6 Ka5 66. Rb8 Bg4 67. Kd6 Ka6 68. Re8 Kb7 69. Rf8 Bh3 70. Rf7+ Kb6 71. Rf3 Bg4 72. Rb3+ Ka6 73. Kc5 Bf5 74. Rb2 Bg4 75.
Rb6+ Ka7 76. Kc6 Bf5 77. Kc7 Bg4 78. Rd6 Bf5 79. Kc6 Bg4 80. Rd8 Bf5 81. Rg8 Bh3 82. Rg7+ Ka8 83. Rg3 Bf5 84. Kc7 e5 85. Ra3# 1-0

[Event "*** Biggest EVER Titled Tuesday"]
[Site "Chess.com"]
[Date "2018.04.17"]
[Round "2"]
[White "Didici"]
[Black "Aikiigm"]
[Result "0-1"]
[WhiteElo "2441"]
[BlackElo "2446"]
[TimeControl "180+2"]
[EndTime "13:24:48 PDT"]
[Termination "Aikiigm won by resignation"]

1. d4 d5 2. c4 c6 3. Nc3 dxc4 4. e4 b5 5. a4 b4 6. Nce2 Nf6 7. Ng3 Ba6 8. Nf3 e6 9. e5 Nd5 10. Ng5 c5 11. dxc5 Bxc5 12. N3e4 Be7 13. Qh5 g6 14. Qf3 O-O 15. Qh3 Bxg5 16. Nxg5 h5 17. g4 Qc7 18. f4 c3 19. b3 c2 20. Bd2 Kg7 21. gxh5 Rh8 22. Bxa6 Nxa6 23. Qd3 Nc5 24. Qxc2 Rxh5 25. Ne4 Nxe4 26. Qxe4 Rc8 27. Rc1 Qxc1+ 28. Bxc1 Rxc1+ 29. Kd2 Rc3 30. h4 Rxb3 31. Qc4 Rc3 32. Qa6 Rf5 33. Qxa7 Rxf4 34. Rh2 Ra3 35. Kc1 Rf1+ 36.
Kb2 Rfa1 37. Rf2 R1a2+ 38. Kc1 Rxf2 39. Qxf2 Rxa4 40. Kb2 Ra3 41. Qe2 Rh3 42. Qg4 Rh2+ 43. Kb3 Kf8 44. Qg3 Re2 45. Kc4 Re4+ 46. Kc5 Rf4 47.
Qh3 Rf5 48. Kd6 Kg7 49. Qg4 Rf4 50. Qg3 Rf5 51. Qg4 Nf4 52. Qg3 Nh5 53. Qb3 Rf4 54.
Qh3 Rd4+ 55. Ke7 Rf4 56. Kd6 Rf5 57. Qb3 Rf4 58. Qh3 Kf8 59. Kc5 b3 60. Qxb3 Rxh4 61.
Qb8+ Kg7 62. Kd6 Rf4 63. Ke7 Rf5 64. Qf8+ Kh7 65. Kd6 Nf4 66. Qe7 Nd5 67. Qh4+ Kg7 68. Qh3 Nf4 69. Qg3 Nh5 70. Qh3 Nf4 71. Qg3 Nd5 72.
Qg4 Nf4 73. Qg3 g5 74. Qg4 Ng6 75. Qg3 Nxe5 0-1

[Event "*** Biggest EVER Titled Tuesday"]
[Site "Chess.com"]
[Date "2018.04.17"]
[Round "2"]
[White "GMAkobianSTL"]
[Black "nikitakhoroshev"]
[Result "1/2-1/2"]
[WhiteElo "2657"]
[BlackElo "2488"]
[TimeControl "180+2"]
[EndTime "13:25:03 PDT"]
[Termination "Game drawn by agreement"]

1. d4 Nf6 2. c4 c5 3. d5 b5 4.
cxb5 e6 5. Nc3 exd5 6. Nxd5 Bb7 7. e4 a6 8. bxa6 Nxa6 9. Nf3 Nxd5 10. exd5 Nb4 11.
Bc4 Qe7+ 12. Be3 Qe4 13. Qb3 Bxd5 14. Bxd5 Qxd5 15. Qxd5 Nxd5 16. Ke2 Be7 17. Rhd1 Nxe3 18. fxe3 d6 19. Kd2 Kd7 20. Kc2 Kc6 21. Nd2 d5 22. e4 d4 23. Nc4 f6 24. b3 Bd8 25. a4 Bc7 26. h3 Rhe8 27. Re1 Re6 28. Re2 Rae8 29.
Rae1 Bg3 30. Ra1 Rxe4 31. Rxe4 Rxe4 32. Kd3 Re8 33. a5 Bc7 34. a6 Ra8 35. g4 Ra7 36. Ke4 Kb5 37. Kd5 d3 38. Ke4 Rxa6 39. Rxa6 Kxa6 40.
Kxd3 Kb5 41. Ne3 Kc6 42. Ke4 g6 43. h4 Be5 44. h5 Bd4 45. Nc4 gxh5 46. gxh5 Kb5 47. Kd3 Kb4 48. Nd2 f5 49. Kc2 f4 50.
Nf3 Bf6 51. Nd2 Bc3 52. Ne4 Bd4 53. Nd2 Be3 54. Nf3 c4 55. bxc4 Kxc4 56. Kd1 Kd3 57. Ke1 h6 58. Kf1 Bd4 59. Kg2 Bf6 60. Ne1+ Ke2 61. Nf3 Ke3 62. Nh2 Bh4 63. Ng4+ Ke2 64. Ne5 Bf6 65. Nf3 Ke3 66. Nh2 Bg7 67. Ng4+ Ke2 68.
Nh2 Bc3 69. Nf3 Bf6 70. Nh2 Bg5 71. Nf3 Bf6 72. Nh2 Bg7 73. Nf3 Ke3 74. Nh2 Ke4 75.
Kf2 Bd4+ 76. Kg2 Bf6 77. Kf2 Bh4+ 78. Kg2 Kf5 79. Kf3 Bf6 80. Ng4 Bg7 81. Nf2 Be5 82.
Ng4 Bg7 83. Nf2 1/2-1/2